 Dungeon Crawl Stone Soup version 0.31.0 (webtiles) character file.

Game seed: 11802335605627336674

231 qw the Shooter (level 6, -1/37 HPs)
             Began as a Gargoyle Hunter on Jan 19, 2024.
             Incinerated by a bombardier beetle (3 damage)
             ... with a burning spray
             ... on level 4 of the Dungeon.
             The game lasted 00:00:08 (2180 turns).

qw the Shooter (Gargoyle Hunter)                    Turns: 2180, Time: 00:00:08

Health: -1/37      AC:  9    Str: 17    XL:     6   Next: 4%
Magic:  6/6        EV: 12    Int: 15    God:
Gold:   141        SH:  0    Dex: 18    Spells: 5/5 levels left

rFire   . . .        a - +2 shortbow
rCold   + . .        (shield currently unavailable)
rNeg    + . .        c - +0 leather armour
rPois   inf          b - +1 hat
rElec   +            (no cloak)
rCorr   +            f - +0 pair of gloves
SInv    +            (no boots)
Will    .....        (no amulet)
Stlth   +            e - ring of resist corrosion
HPRegen 0.26/turn    g - ring "Fodatz" {rC+ Str+2 Int+6 Dex+3 SInv}
MPRegen 0.10/turn

%: no passive effects
@: on fire, glowing
A: sickness immunity, AC +4, negative energy resistance 1, electricity
resistance, torment resistance 1, petrification resistance
a: no special abilities


You were on level 4 of the Dungeon.
You visited 1 branch of the dungeon, and saw 4 of its levels.

You collected 141 gold pieces.


Innate Abilities, Weirdness & Mutations

You are immune to sickness and miasma.
Your stone body is resilient. (AC +4)
You are immune to poison.
You resist negative energy. (rN+)
You are resistant to electric shocks. (rElec)
You are resistant to unholy torment.
You are immune to petrification.


   Skills:
 + Level 3.2 Fighting
 - Level 6.4 Ranged Weapons
 - Level 1.7 Armour
 - Level 1.5 Dodging
 - Level 1.1 Stealth


You had 5 spell levels left.
You didn't know any spells.
Your spell library was empty.

Inventory:

Hand Weapons
 a - a +2 shortbow (weapon)
Armour
 b - a +1 hat (worn)
 c - a +0 leather armour (worn)
 f - a +0 pair of gloves (worn)
Jewellery
 e - a ring of resist corrosion (left hand)
 g - the ring "Fodatz" (right hand) {rC+ Str+2 Int+6 Dex+3 SInv}
   (You found it on level 3 of the Dungeon)

   [ring of intelligence]

   Str+2:     It affects your strength (+2).
   Int+6:     It affects your intelligence (+6).
   Dex+3:     It affects your dexterity (+3).
   rC+:       It protects you from cold.
   SInv:      It lets you see invisible.

Dungeon Overview and Level Annotations

Branches:
Dungeon (4/15)
 Temple: D:4-7

Altars:
Vehumet

Annotations:
D:3 2 transporters


Message History

You shoot an arrow. The arrow hits the bombardier beetle.
The bombardier beetle is moderately wounded.
You shoot an arrow. The arrow hits the bombardier beetle.
The bombardier beetle is moderately wounded.
The bombardier beetle sprays incendiary fluid at you.
The burning spray hits you.
You are covered in liquid fire!
You shoot an arrow.
The arrow closely misses the bombardier beetle.
The liquid fire burns you!
You shoot an arrow. The arrow hits the bombardier beetle!
The bombardier beetle is almost dead.
The liquid fire burns you!
You shoot an arrow. The arrow hits the bombardier beetle.
The bombardier beetle is almost dead.
The liquid fire burns you!
The bombardier beetle sprays incendiary fluid at you.
The burning spray hits you.
You are even more covered in liquid fire!
You shoot an arrow.
The arrow hits the bombardier beetle but does no damage.
The bombardier beetle is almost dead.
The liquid fire burns you!
The bombardier beetle sprays incendiary fluid at you.
The burning spray hits you.
You are even more covered in liquid fire!
You shoot an arrow.
The arrow barely misses the bombardier beetle.
The liquid fire burns you!
You shoot an arrow. The arrow hits the bombardier beetle.
The bombardier beetle is almost dead.
The liquid fire burns you!
You shoot an arrow. The arrow hits the bombardier beetle!
You kill the bombardier beetle!
The liquid fire burns you!
Your Armour skill increases to level 1!
You have reached level 6!
2180 ||| FLEEEEING.
You shake off some of the fire as you move.
The liquid fire burns you!
You die...

#......# #......######
#......# ###.##.#.(...
#......######.##.#.....
#......#......##.#.....
#......#.#######.#.....
##......#.#######.######
#.......#..)....#.# #
#.#.#####.#.# #
#@#.....#.#.#
#.#..#..#.#.######
#.#..##.#.#.#.....
#.#.......#.#.###.
#.#.###.###.#.# #.
#)#...#.# #.#.# #.
#.###.#.# #.#.# #. #.#
#.#.###.#.# #. #.#
#.#.....#.# #.


There were no monsters in sight!

Vanquished Creatures
  A phantom (D:4)
  2 bombardier beetles
  Terence (D:2)
  An adder (D:3)
  A ribbon worm (D:2)
  A dart slug (D:1)
  A ball python (D:3)
  4 bats
  7 endoplasms
  A giant cockroach (D:2)
  7 goblins
  4 hobgoblins
  2 quokkas (D:1)
  3 frilled lizards
  8 kobolds
  3 rats
47 creatures vanquished.

Notes
Turn   | Place    | Note
-------+----------+-------------------------------------------
     0 | D:1      | qw the Gargoyle Hunter began the quest for the Orb.
     0 | D:1      | Reached XP level 1. HP: 12/12 MP: 1/1
     0 | D:1      | 0 ||| qw: Version: 0.3-a-132-g3d54051
     0 | D:1      | 0 ||| qw: Game counter: 406
     0 | D:1      | 0 ||| qw: Melee chars always use a shield: true
     0 | D:1      | 0 ||| qw: God list: Okawaru
     0 | D:1      | 0 ||| qw: Allow faded altars: false
     0 | D:1      | 0 ||| qw: Do Orc after clearing Dungeon:15 true
     0 | D:1      | 0 ||| qw: Do second Lair branch before Depths: true
     0 | D:1      | 0 ||| qw: Lair rune preference: random
     0 | D:1      | 0 ||| qw: Goals: Normal
     0 | D:1      | 0 ||| PLANNING D:1-11
   173 | D:1      | Found a faded altar of an unknown god.
   296 | D:1      | Reached XP level 2. HP: 17/17 MP: 2/2
   655 | D:1      | 655 ||| UPGRADING to +0 pair of gloves.
   660 | D:1      | 660 ||| READING scroll labelled XOBIAH WARIS.
   661 | D:1      | 661 ||| READING scroll labelled SEWKUS QUGERA.
   762 | D:1      | 762 ||| READING 2 scrolls labelled ZEXIQU LOXTUG.
   762 | D:1      | 762 ||| ENCHANTING +0 shortbow.
   763 | D:1      | 763 ||| READING scroll of enchant weapon.
   763 | D:1      | 763 ||| ENCHANTING +1 shortbow.
   764 | D:1      | 764 ||| DROPPING scroll of butterflies.
   870 | D:2      | Reached XP level 3. HP: 21/21 MP: 3/3
   934 | D:2      | Reached skill level 5 in Ranged Weapons
   998 | D:2      | Noticed Terence
  1010 | D:2      | Killed Terence
  1011 | D:2      | Reached skill level 3 in Fighting
  1011 | D:2      | Reached XP level 4. HP: 10/28 MP: 4/4
  1011 | D:2      | 1011 ||| FLEEEEING.
  1013 | D:2      | 1013 ||| STAIRDANCE
  1084 | D:1      | 1084 ||| UPGRADING to +1 hat.
  1089 | D:1      | 1089 ||| READING scroll labelled ZEYRGH KOUDUSE.
  1090 | D:1      | 1090 ||| READING scroll labelled RUIGI QOINTA.
  1091 | D:1      | 1091 ||| READING scroll labelled CEUNTOTSEUNE.
  1092 | D:1      | 1092 ||| READING scroll labelled ZIPNAKIYTEGG.
  1095 | D:1      | 1095 ||| READING scroll labelled PUMOXKIELL.
  1095 | D:1      | 1095 ||| IDENTIFYING sapphire potion
  1096 | D:1      | 1096 ||| DROPPING potion of brilliance.
  1415 | D:3      | Found a radiant altar of Vehumet.
  1436 | D:3      | Found a transporter.
  1457 | D:3      | Found a transporter.
  1614 | D:3      | Identified the ring "Fodatz" {rC+ Str+2 Int+6 Dex+3 SInv}
  1725 | D:3      | Reached XP level 5. HP: 23/32 MP: 5/5
  1726 | D:3      | 1726 ||| FLEEEEING.
  1826 | D:3      | 1826 ||| DROPPING scarf of shadows.
  1827 | D:3      | 1827 ||| UPGRADING to ring of resist corrosion.
  1828 | D:3      | 1828 ||| UPGRADING to ring "Fodatz" {rC+ Str+2 Int+6 Dex+3
                  | SInv}.
  1862 | D:4      | Noticed a phantom
  1874 | D:4      | Killed a phantom
  1875 | D:4      | Reached skill level 6 in Ranged Weapons
  1875 | D:4      | 1875 ||| FLEEEEING.
  2178 | D:4      | HP: 5/32 [burnt (6)]
  2179 | D:4      | HP: 1/32 [burnt (4)]
  2180 | D:4      | Reached skill level 1 in Armour
  2180 | D:4      | Reached XP level 6. HP: 2/37 MP: 6/6
  2180 | D:4      | 2180 ||| FLEEEEING.
  2180 | D:4      | Incinerated by a bombardier beetle

Levels and vault maps discovered:
D:1:      dpeg_arrival_rooms_a, layout_loops_cross,
          hellmonk_ecumenical_altar_crossroads, hangedman_decor_opposing,
          minivault_24
D:2:      layout_rooms, uniq_terence
D:3:      gammafunk_steamed_eel, layout_basic, lemuel_round_altar,
          minmay_stone_trees_medium
D:4:      layout_basic

Skill      XL: |  1  2  3  4  5 |
---------------+----------------+-----
Ranged Weapons | 5 6 |  6.4
Fighting       | 3 |  3.2
Armour         | 1 |  1.7
Dodging        | |  1.5
Stealth        | |  1.1

Action                     |  1- 3 |  4- 6 || total
---------------------------+-------+-------++-------
   Fire: Shortbow          |    70 |    73 ||   143
    Use: Scroll            |     4 |     5 ||     9
 Armour: Leather armour    |    13 |    12 ||    25
  Dodge: Dodged            |    10 |    14 ||    24

Table legend:
 A = Non-vault XP
 B = Vault XP
 C = Vault XP percentage of total XP
 D = Non-vault monster count
 E = Vault monster count
 F = Vault count percentage of total count
                 A         B        C        D         E       F
            +---------+---------+-------+---------+---------+-------
      Total |     295 |      36 |  10.9 |      46 |       1 |   2.1
            +---------+---------+-------+---------+---------+-------
        D:1 |      26 |       0 |   0.0 |      15 |       0 |   0.0
        D:2 |      24 |      36 |  60.0 |      11 |       1 |   8.3
        D:3 |      79 |       0 |   0.0 |      14 |       0 |   0.0
        D:4 |     166 |       0 |   0.0 |       6 |       0 |   0.0
            +---------+---------+-------+---------+---------+-------
